 Dungeon Crawl Stone Soup version 0.28.0-49-g6dfe1f597d (webtiles) character file.

Game seed: 16338902212164837871

15939 Atelerd the Covert (level 12, -4/70 HPs)
             Began as an Octopode Earth Elementalist on May 13, 2022.
             Was an Elder of Sif Muna.
             Slain by a seven-headed hydra (8 damage)
             ... on level 2 of the Lair of Beasts on May 14, 2022.
             The game lasted 00:36:40 (17682 turns).

Atelerd the Covert (Octopode Earth Elementalist)   Turns: 17682, Time: 00:36:42

Health: -4/70      AC:  1    Str:  8    XL:     12   Next: 32%
Magic:  19/26      EV: 14    Int: 22    God:    Sif Muna [****..]
Gold:   1043       SH:  7    Dex: 12    Spells: 19/31 levels left

rFire   x . .      SeeInvis .   h - +3 short sword
rCold   . . .      Faith    .   b - +2 buckler of the Leaf {rPois rF- Regen+}
rNeg    . . .      Spirit   .   (helmet restricted)
rPois   +          Reflect  .   (no amulet)
rElec   .          Harm     .   (no ring)
rCorr   .          Rampage  .   (no ring)
Will    .....                   (no ring)
Stlth   +++++.....              (no ring)
HPRegen 1.01/turn               (no ring)
MPRegen 0.20/turn               (no ring)
                                (no ring)
                                (no ring)

@: invisible
A: almost no armour, amphibious, 8 rings, camouflage 1, gelatinous body 1,
(nimble swimmer 1), tentacles
a: Renounce Religion, Channel Magic, Forget Spell, Divine Exegesis


You were on level 2 of the Lair of Beasts.
You worshipped Sif Muna.
Sif Muna was greatly pleased with you.
You visited 3 branches of the dungeon, and saw 14 of its levels.

You collected 1321 gold pieces.
You spent 278 gold pieces at shops.

Inventory:

Hand Weapons
 d - a +0 dagger
 h - a +3 short sword (weapon)
 B - a +4 long sword
Missiles
 f - 52 stones
 g - 4 throwing nets
Armour
 b - the +2 buckler of the Leaf (worn) {rPois rF- Regen+}
   (You bought it in a shop on level 2 of the Dungeon)

   rF:        It makes you vulnerable to fire.
   rPois:     It protects you from poison.
   Regen:     It increases your rate of health regeneration.
Jewellery
 C - a +6 ring of intelligence
Wands
 l - a wand of flame (16)
 q - a wand of iceblast (25)
 s - a wand of polymorph (11)
 x - a wand of acid (5)
 A - a wand of mindburst (3)
 D - a wand of charming (3)
Scrolls
 a - 4 scrolls of teleportation
 i - 3 scrolls of immolation {unknown}
 j - 2 scrolls of fog
 k - 2 scrolls of vulnerability
 o - a scroll of amnesia
 p - a scroll of noise
 w - a scroll of fear
 y - 2 scrolls of magic mapping
 E - 2 scrolls of enchant armour
 H - a scroll of silence
 I - a scroll of summoning {unknown}
Potions
 c - a potion of invisibility
 e - 2 potions of cancellation
 m - a potion of magic
 n - a potion of resistance
 r - 6 potions of curing
 t - 3 potions of attraction {unknown}
 u - a potion of flight {unknown}
 v - a potion of degeneration {unknown}
 z - a potion of heal wounds
 F - 2 potions of brilliance {unknown}
 G - a potion of mutation {unknown}
 J - 8 potions of ambrosia


   Skills:
 - Level 2.0 Fighting
 + Level 4.3 Short Blades
 + Level 5.4 Dodging
 - Level 10.0 Stealth
 + Level 5.5 Shields
 - Level 10.0 Spellcasting
 - Level 4.0 Transmutations
 + Level 5.4 Air Magic
 + Level 9.7 Earth Magic
 + Level 5.0 Invocations


You had 19 spell levels left.
You knew the following spells:

 Your Spells              Type           Power      Damage    Failure   Level
a - Sandblast             Erth           100%       2d20      1%          1
c - Swiftness             Air            34%        N/A       2%          3
p - Petrify               Tmut/Erth      41%        N/A       4%          4
s - Airstrike             Air            17%        N/A       9%          4

Your spell library contained the following spells:

 Spells                   Type           Power      Damage    Failure   Level
 Passwall                 Tmut/Erth      34%        N/A       1%          2
 Shock                    Conj/Air       88%        1d8       2%          1
 Stone Arrow              Conj/Erth      64%        3d11      3%          3
 Apportation              Tloc           22%        N/A       8%          1
 Ignite Poison            Fire/Tmut/Pois 16%        N/A       14%         3
 Conjure Flame            Conj/Fire      11%        6-21      22%         3
 Sticky Flame             Conj/Fire      11%        2d3       58%         4
 Alistair's Intoxication  Tmut/Pois      12%        N/A       67%         5


Dungeon Overview and Level Annotations

Branches:
Dungeon (11/15)            Temple (1/1) D:6            Lair (2/6) D:10
  Swamp: Lair:2-4    Shoals: Lair:2-4     Snake: Lair:2-4    Spider: Lair:2-4
    Orc: D:9-12

Altars:
Ashenzari
Cheibriados
Dithmenos
Elyvilon
Fedhas
Gozag
Hepliaklqana
Kikubaaqudgha
Makhleb
Nemelex Xobeh
Okawaru
Qazlal
Ru
Sif Muna
Trog
Uskayaw
Vehumet
Wu Jian
Xom
Yredelemnul
Zin
The Shining One

Shops:
D:1 *   D:2 [   D:7 *

Annotations:
D:3 2 transporters, exclusion: downstairs
D:4 exclusion: 2 downstairs
D:6 exclusion: downstairs
D:8 2 transporters, CryoSword's ghost, novice VSCK
D:10 exclusion: downstairs
Lair:1 exclusion: downstairs


Innate Abilities, Weirdness & Mutations

You cannot wear most types of armour.
You are amphibious.
You can wear up to eight rings at the same time.
Your skin changes colour to match your surroundings (Stealth+).
Your rubbery body absorbs attacks. (AC +1, EV +1)
((You are camouflaged when in or above water. (Stealth+)))
You have tentacles for arms and can constrict up to eight enemies at once.


Message History

The seven-headed hydra is moving more slowly.
Casting: Petrify (dangerous; 4% risk of failure)
Confirm with . or Enter, or press ? or * to list all spells.
Aiming: Petrify (dangerous; 4% risk of failure)
Press: ? - help, Shift-Dir - straight line, f/p - seven-headed hydra
Aim: a seven-headed hydra (petrifying slowly, chance to affect: 32%) Nothing appears to happen.
The helpless seven-headed hydra fails to defend itself.
You impale the seven-headed hydra!! You squeeze the seven-headed hydra.
The seven-headed hydra is moderately wounded.
The helpless seven-headed hydra fails to defend itself.
You impale the seven-headed hydra!!
You tentacle-slap the seven-headed hydra.
You squeeze the seven-headed hydra.
The seven-headed hydra is heavily wounded.
The helpless seven-headed hydra fails to defend itself.
You spit the seven-headed hydra like a pig!!!
The seven-headed hydra is almost dead.
The seven-headed hydra is no longer petrified.
You block the seven-headed hydra's attack.
The seven-headed hydra closely misses you.
The seven-headed hydra bites you!
You block the seven-headed hydra's attack.
The seven-headed hydra closely misses you.
The seven-headed hydra bites you! x2
Okay, then.
As you read the scroll of fear, it crumbles to dust.
You assume a fearsome visage.
The seven-headed hydra easily resists.
The seven-headed hydra barely misses you.
The seven-headed hydra bites you! The seven-headed hydra bites you.
The seven-headed hydra barely misses you.
The seven-headed hydra bites you. x3
Okay, then.
You fade into invisibility!
The seven-headed hydra bites you!
* * * LOW HITPOINT WARNING * * *
The seven-headed hydra bites you!
* * * LOW HITPOINT WARNING * * *
The seven-headed hydra misses you. The seven-headed hydra bites you!
You die...

#### #...P#
#.#.##P..##
..........#
.........##
P###..#..# #...##
####.....## ....
..........# ...
.......D.## #..
.###.##@.## #.###
###P...#
#.P.########...##
#..............#
#
##..............#
.
#..##..P####.#..#
.###.#...##
###..#
#....#...## #..#
.....##..P# #..##


You could see a seven-headed hydra.

Vanquished Creatures
  Harold (D:7)
  2 hydras
  A two-headed ogre (D:10)
  Pikel (D:6)
  A deep elf pyromancer (D:9)
  A black mamba (Lair:1)
  3 cane toads
  A torpor snail (Lair:2)
  Maggie (D:7)
  A rime drake (Lair:1)
  A troll (D:10)
  A queen bee (Lair:1)
  4 blink frogs
  A hornet (D:10)
  A wraith (D:9)
  7 yaks
  4 wyverns
  A basilisk (Lair:1)
  2 steam dragons
  5 water moccasins
  2 ice beasts
  4 orc warriors
  A sky beast (D:7)
  4 black bears
  5 wolves (D:10)
  3 hornet zombies
  2 ogres
  5 centaurs
  4 kobold brigands
  4 bullfrogs
  2 gnoll sergeants
  4 scorpions
  A wyvern skeleton (D:6)
  29 killer bees
  15 wights
  5 howler monkeys
  3 electric eels (D:10)
  A bullfrog zombie (D:3)
  2 centaur zombies
  3 jellies
  2 hounds
  A centaur skeleton (D:4)
  7 orc priests
  2 gnoll shamans
  Jessica (D:2)
  4 iguanas
  9 orc wizards
  A killer bee zombie (D:7)
  A mummy (D:6)
  A hound skeleton (D:5)
  14 gnolls
  3 howler monkey zombies
  4 adders
  A shadow imp (D:8)
  A white imp (D:6)
  2 ufetubi
  An adder skeleton (D:4)
  2 worms (D:4)
  5 dart slugs
  20 orcs
  8 bats
  4 endoplasms
  4 giant cockroaches
  5 goblins
  8 hobgoblins
  10 jackals
  3 quokkas
  3 ball pythons
  6 frilled lizards
  30 kobolds
  4 rats
306 creatures vanquished.

Vanquished Creatures (collateral kills)
  A yak (Lair:2)
1 creature vanquished.

Vanquished Creatures (others)
  A wizard (D:8)
  A fungus (Lair:2)
  28 plants
30 creatures vanquished.

Grand Total: 337 creatures vanquished

Notes
Turn   | Place    | Note
-------+----------+-------------------------------------------
     0 | D:1      | Atelerd the Octopode Earth Elementalist began the quest for
                  | the Orb.
     0 | D:1      | Reached XP level 1. HP: 11/11 MP: 3/3
   337 | D:1      | Reached XP level 2. HP: 6/17 MP: 3/5
   650 | D:1      | Found Bootiny's General Store.
   935 | D:1      | Found a faded altar of an unknown god.
  1396 | D:1      | Reached XP level 3. HP: 8/21 MP: 4/6
  1947 | D:2      | Noticed Jessica
  1953 | D:2      | Killed Jessica
  1954 | D:2      | Reached XP level 4. HP: 23/27 MP: 5/8
  2610 | D:2      | Found Zyuwexej's Antique Armour Shoppe.
  2794 | D:3      | Found a transporter.
  2812 | D:3      | Reached XP level 5. HP: 14/31 MP: 6/9
  3292 | D:3      | Found a transporter.
  3315 | D:3      | Noticed a kobold demonologist
  3963 | D:3      | Learned a level 4 spell: Petrify
  4538 | D:4      | Noticed a black bear
  4544 | D:4      | Killed a black bear
  4545 | D:4      | Reached XP level 6. HP: 36/36 MP: 9/11
  4834 | D:4      | Reached skill level 5 in Earth Magic
  4925 | D:4      | Identified a scroll of acquirement
  5018 | D:4      | Acquired 573 gold pieces
  5110 | D:1      | Bought a scroll of fog for 20 gold pieces
  5110 | D:1      | Bought a scroll of teleportation for 30 gold pieces
  5162 | D:2      | Bought a bloodstained buckler for 228 gold pieces
  5162 | D:2      | Identified the +2 buckler of the Leaf {rPois rF- Regen+}
                  | (You bought it in a shop on level 2 of the Dungeon)
  5332 | D:4      | Reached XP level 7. HP: 35/41 MP: 7/13
  5543 | D:5      | Entered Level 5 of the Dungeon
  5565 | D:5      | Reached skill level 1 in Shields
  6131 | D:5      | Found a basalt altar of Yredelemnul.
  6173 | D:5      | Reached skill level 5 in Spellcasting
  6176 | D:5      | Reached XP level 8. HP: 23/46 MP: 8/15
  6486 | D:5      | Reached skill level 5 in Stealth
  7164 | D:5      | Found a shadowy altar of Dithmenos.
  7374 | D:6      | Found a staircase to the Ecumenical Temple.
  7781 | D:6      | Found a snail-covered altar of Cheibriados.
  8249 | D:6      | Reached XP level 9. HP: 29/51 MP: 16/19
  8686 | Temple   | Entered the Ecumenical Temple
  8754 | Temple   | Became a worshipper of Sif Muna the Loreminder
  8921 | D:7      | Found Ked Muas's Gadget Gallery.
  8976 | D:7      | Reached skill level 1 in Fighting
  8976 | D:7      | Reached skill level 1 in Short Blades
  9400 | D:7      | Noticed Maggie
  9415 | D:7      | Killed Maggie
  9416 | D:7      | Reached skill level 1 in Invocations
  9755 | D:7      | Reached XP level 10. HP: 60/60 MP: 17/21
  9791 | D:7      | Noticed Harold
  9822 | D:7      | Killed Harold
  9996 | D:7      | Reached * piety under Sif Muna
 10207 | D:7      | Noticed Pikel
 10249 | D:6      | Killed Pikel
 10513 | D:7      | Learned a level 4 spell: Airstrike
 10517 | D:7      | Learned a level 3 spell: Swiftness
 10738 | D:8      | Found a transporter.
 10738 | D:8      | Noticed CryoSword's ghost (novice VSCK)
 10739 | D:8      | Noticed a centaur warrior
 10933 | D:8      | Reached skill level 1 in Air Magic
 10973 | D:8      | Reached ** piety under Sif Muna
 10991 | D:8      | Identified the amulet "Bumokh" {Acrobat -Cast Dex+2 Stlth+}
 11143 | D:8      | Found a transporter.
 11147 | D:8      | Identified the +1 robe of Guph {*Slow rElec Dex+3 Archmagi}
 11402 | D:8      | Found a bloodstained altar of Trog.
 11405 | D:8      | Noticed a wizard
 11411 | D:8      | Killed a wizard
 12028 | D:9      | Noticed a deep elf pyromancer
 12040 | D:9      | Killed a deep elf pyromancer
 12576 | D:9      | Reached XP level 11. HP: 64/64 MP: 8/23
 13355 | D:9      | Reached skill level 10 in Stealth
 14276 | D:10     | Entered Level 10 of the Dungeon
 14462 | D:10     | Reached *** piety under Sif Muna
 14699 | D:10     | Noticed a two-headed ogre
 14709 | D:10     | Killed a two-headed ogre
 14710 | D:10     | Reached skill level 10 in Spellcasting
 15449 | D:10     | Found a staircase to the Lair.
 15989 | D:11     | Noticed a tengu warrior
 16000 | D:11     | Noticed a two-headed ogre
 16051 | Lair:1   | Entered Level 1 of the Lair of Beasts
 16222 | Lair:1   | Noticed a four-headed hydra
 16273 | Lair:1   | Killed a four-headed hydra
 16945 | Lair:1   | Reached XP level 12. HP: 62/70 MP: 9/26
 16965 | Lair:1   | Reached skill level 5 in Dodging
 16965 | Lair:1   | Reached skill level 5 in Shields
 16986 | Lair:1   | Reached skill level 5 in Air Magic
 17298 | Lair:2   | Noticed a seven-headed hydra
 17347 | Lair:2   | Killed a seven-headed hydra
 17389 | Lair:2   | Reached **** piety under Sif Muna
 17459 | Lair:2   | Reached skill level 5 in Invocations
 17654 | Lair:2   | Noticed a seven-headed hydra
 17682 | Lair:2   | Slain by a seven-headed hydra

Illustrated notes

Levels and vault maps discovered:
D:1:      kennysheep_arrival_seaside, layout_rooms, serial_shops,
          nicolae_shop_stone, basic_ecumenical_altar
D:2:      layout_rooms, serial_shops, nicolae_shop_trees, minmay_crystal_room,
          uniq_jessica
D:3:      gammafunk_wand_slinger, layout_loops_corners, nrook_uturn,
          hangedman_abyss_or_decor_stabs, minmay_misc_feat_x
D:4:      layout_basic
D:5:      layout_basic, mainiacjoe_overflow_catwalk,
          nicolae_overflow_crystal_walls
D:6:      layout_loops_ring, slow_altar_1, minmay_temple_entry_fiery,
          nicolae_ossuary_entry_monument, solitary_fountain
D:7:      kennysheep_kobold_camp, layout_cave_pools, kennysheep_small_spiral,
          nicolae_shop_gadgets, uniq_pikel, uniq_harold, uniq_maggie
D:8:      layout_basic, trog_wizard, gammafunk_ghost_arena
D:9:      layout_stronghold, serial_rivers, chequers_serial_rivers_small_b,
          chequers_serial_rivers_micro_a, chequers_serial_rivers_large_a,
          chequers_serial_rivers_micro_e, chequers_serial_rivers_room_b,
          kennysheep_kite_vault
D:10:     layout_irregular_city, erik_lair_island, hex_tiny,
          kennysheep_another_room
D:11:     layout_stronghold, makhleb_altar_promises_db
Temple:   compressed_dpeg_circular_temple
Lair:1:   layout_loops_ring, special_room [special_room_bee]
Lair:2:   layout_long_grid, skrybe_swamp_entry_bodies, beast_lair_carwin_7,
          infiniplex_staircase_pool_2

Skill      XL: |  1  2  3  4  5  6  7  8  9 10 11 12 |
---------------+-------------------------------------+-----
Transmutations | 2 3 4 |  4.0
Spellcasting   | 3 4 5 6 7 8 10 | 10.0
Earth Magic    | 4 5 6 7 8 9 |  9.7
Stealth        | 3 4 5 8 10 | 10.0
Shields        | 2 3 4 5 |  5.5
Fighting       | 2 |  2.0
Short Blades   | 2 3 4 |  4.3
Invocations    | 2 4 5 |  5.0
Dodging        | 4 5 |  5.4
Air Magic      | 3 4 5 |  5.4

Action                   |  1- 3 |  4- 6 |  7- 9 | 10-12 || total
-------------------------+-------+-------+-------+-------++-------
Melee: Unarmed           |    14 |       |       |       ||    14
       Tentacles         |    13 |    14 |    30 |    98 ||   155
       Constrict         |    12 |    21 |    17 |    65 ||   115
       Dagger            |    28 |    64 |   107 |   121 ||   320
       Punch             |     1 |       |     2 |     9 ||    12
       Short sword       |       |       |       |   158 ||   158
 Cast: Sandblast         |    30 |    67 |    96 |   122 ||   315
       Petrify           |       |       |    28 |   107 ||   135
       Airstrike         |       |       |       |    33 ||    33
Invok: Channel Magic     |       |       |       |     1 ||     1
Evoke: Wand              |       |       |    13 |    10 ||    23
  Use: Scroll            |       |     9 |     1 |     8 ||    18
       Potion            |       |     1 |       |     4 ||     5
 Stab: Sleeping          |     2 |     9 |     6 |     4 ||    21
       Petrified         |       |       |    60 |   108 ||   168
       Petrifying        |       |       |     2 |     2 ||     4
       Distracted        |       |       |       |     1 ||     1
Armor: Skin              |     3 |     9 |     1 |    12 ||    25
Dodge: Dodged            |    38 |    78 |    57 |   111 ||   284
Block: Buckler           |       |       |     8 |    68 ||    76
